 Dungeon Sprint DCSS version 0.20.1-1-g8b1a95d (webtiles) character file.

21862 equalderp2856 the Severer (level 12, -19/128 HPs)
             Began as a Minotaur Fighter on Sept 3, 2017.
             Killed from afar by Aizul (43 damage)
             ... with a poison arrow
             ... in the Dungeon (Sprint IX: "|||||||||||||||||||||||||||||").
             The game lasted 00:09:18 (3841 turns).

equalderp2856 the Severer (Minotaur Fighter)        Turns: 3841, Time: 00:09:19

Health: -19/128    AC: 26    Str: 21    XL:     12   Next: 57%
Magic:  11/11      EV: 11    Int:  7    God:
Gold:   410        SH: 15    Dex: 16    Spells: 11/11 levels left

rFire    . . .     SeeInvis .   u - +3 war axe (flame)
rCold    . . .     Gourm    .   c - +0 shield
rNeg     . . .     Faith    .   V - +3 chain mail
rPois    .         Spirit   .   (helmet restricted)
rElec    .         Reflect  .   t - +0 cloak
rCorr    .         Harm     .   M - +2 pair of gloves {archery}
MR       .....     NoTele   +   s - +0 pair of boots
Stlth    ..........             (no amulet)
Regen    0.4/turn               p - +2 ring of protection
MPRegen  0.2/turn               q - +3 ring of dexterity

@: lethally poisoned (-19 -> -27)
A: retaliatory headbutt, horns 2
a: no special abilities


You were in the Dungeon.
You were not hungry.

You visited 1 branch You collected 1500 gold pieces.
You spent 1090 gold pieces at shops.

Inventory:

Hand Weapons
 a - a +0 war axe
 u - a +3 war axe of flaming (weapon)
 y - a +2 halberd of venom
 F - a +2 trident of venom
 H - a +0 spear of freezing
 I - a +1 battleaxe
 S - a +3 vampiric broad axe
Armour
 b - a +0 scale mail
 c - a +0 shield (worn)
 r - a +0 plate armour
 s - a +0 pair of boots (worn)
 t - a +0 cloak (worn)
 C - a +0 pair of gloves
 D - a +0 pair of boots
 G - a +1 ring mail of fire resistance
 J - a +0 plate armour
 L - a +1 plate armour of poison resistance
 M - a +2 pair of gloves of archery (worn)
 T - a +1 cloak
 V - a +3 chain mail (worn)
Magical Staves
 x - an uncursed staff of wizardry
Jewellery
 p - a +2 ring of protection (left hand)
 q - a +3 ring of dexterity (right hand)
 O - an uncursed ring of protection from cold
 P - an uncursed ring of fire
 Q - an uncursed ring of fire
 R - an uncursed ring of protection from fire
Wands
 o - a wand of iceblast (7/15)
Scrolls
 k - 4 scrolls of blinking
 m - 3 scrolls of remove curse
 n - 2 scrolls of amnesia
 v - 6 scrolls of enchant weapon
 w - 4 scrolls of fear
 z - a scroll of identify
 K - a scroll of fog
 U - a scroll of recharging
Potions
 d - 2 potions of might
 e - 4 potions of curing
 g - 6 potions of heal wounds
 h - a potion of haste
 i - 4 potions of magic
 j - a potion of agility
 l - a potion of invisibility
 E - a potion of cancellation {unknown}
Books
 N - a book of Minor Magic

   Spells                             Type                      Level
   a - Magic Dart                     Conjuration                  1
   b - Blink                          Translocation                2
   c - Call Imp                       Summoning                    2
   d - Slow                           Hexes                        2
   e - Conjure Flame                  Conjuration/Fire             3
   f - Mephitic Cloud                 Conjuration/Poison/Air       3
Comestibles
 f - 12 bread rations
 A - 40 fruits
 B - 12 meat rations


   Skills:
 + Level 18.5 Fighting
 + Level 20.5 Axes
 + Level 16.7 Armour
 + Level 4.9 Dodging
 + Level 1.8 Stealth
 + Level 18.4 Shields


You had 11 spell levels left.
You didn't know any spells.

Dungeon Overview and Level Annotations

Branches:
Dungeon (1/1)

Altars:
Cheibriados
Dithmenos
Elyvilon
Fedhas
Gozag
Hepliaklqana
Kikubaaqudgha
Makhleb
Nemelex Xobeh
Okawaru
Qazlal
Ru
Sif Muna
Trog
Uskayaw
Vehumet
Xom
Yredelemnul
Zin
The Shining One
Beogh
Jiyva
Lugonu

Shops:
D [*(:

Annotations:
D Aizul


Innate Abilities, Weirdness & Mutations

You reflexively headbutt those who attack you in melee.
You have a pair of horns on your head.


Message History

You feel sick. Aizul casts a spell at you. The poison arrow hits you!
You are more poisoned.
You wake up.
* * * LOW HITPOINT WARNING * * *
Aizul hums a lullaby.
Aizul hits you but does no damage.
You feel much better.
You feel sick. Aizul casts a spell at you. The bolt of poison hits you!
You are lethally poisoned!
* * * LOW HITPOINT WARNING * * *
Unknown command.
You feel better.
Aizul says, "I wasn't actually sleeping!"
Aizul coils herself and waves her upper body at you.
The poison arrow hits you!
You are poisoned.
You die...

▓....)[[....................
▓▓▓▓▓▓▓▓▓▓▓▓▓▓▓▓▓▓▓▓▓▓▓▓▓▓▓▓
▓.........'.....∩.∩.∩.∩..)))
▓.▓▓▓▓▓▓▓▓▓▓▓▓▓▓▓▓▓▓▓▓▓▓▓▓▓▓
▓...........................
▓▓▓▓▓▓▓▓▓▓▓▓▓▓▓▓▓▓▓▓▓▓▓▓▓▓▓▓
▓.........'.....).((.((.))).
▓.▓▓▓▓▓▓▓▓▓▓▓▓▓▓▓▓▓▓▓▓▓▓▓▓▓▓
▓..........@S......
▓▓▓▓▓▓▓▓▓▓▓▓▓▓▓▓▓▓▓


You could see Aizul.

Vanquished Creatures
  A very ugly thing (D)
  A stone giant (D)
  2 dire elephants (D)
  An ettin (D)
  Harold (D)
  A great orb of eyes (D)
  A hydra (D)
  A centaur warrior (D)
  A two-headed ogre (D)
  An orc high priest (D)
  2 ogre magi (D)
  An unseen horror (D)
  5 orc knights (D)
  5 orc sorcerers (D)
  6 elephants (D)
  A spiny frog (D)
  2 komodo dragons (D)
  A yaktaur (D)
  A troll (D)
  2 hippogriffs (D)
  5 yaks (D)
  A basilisk (D)
  Grum (D)
  A water moccasin (D)
  2 porcupines (D)
  12 orc warriors (D)
  A sky beast (D)
  4 wolves (D)
  A centaur (D)
  2 crocodiles (D)
  5 bullfrogs (D)
  A crimson imp (D)
  4 orc priests (D)
  3 orc wizards (D)
  2 adders (D)
  A shadow imp (D)
  A leopard gecko (D)
  13 orcs (D)
  3 bat skeletons (D)
  3 goblins (D)
  A ball python (D)
  A giant cockroach zombie (D)
  A kobold (D)
106 creatures vanquished.

Notes
Turn   | Place    | Note
-------+----------+-------------------------------------------
     0 | D        | equalderp2856 the Minotaur Fighter began the quest for the Orb.
     0 | D        | Reached XP level 1. HP: 19/19 MP: 0/0
    25 | D        | Reached XP level 2. HP: 25/28 MP: 1/1
    28 | D        | Reached skill level 3 in Axes
    38 | D        | Found a roughly hewn altar of Beogh.
    38 | D        | Found a snail-covered altar of Cheibriados.
    38 | D        | Found a shadowy altar of Dithmenos.
    38 | D        | Found a white marble altar of Elyvilon.
    38 | D        | Found a blossoming altar of Fedhas.
    38 | D        | Found an opulent altar of Gozag.
    39 | D        | Found a hazy altar of Hepliaklqana.
    40 | D        | Found a viscous altar of Jiyva.
    41 | D        | Found an ancient bone altar of Kikubaaqudgha.
    42 | D        | Found a corrupted altar of Lugonu.
    43 | D        | Found a burning altar of Makhleb.
    44 | D        | Found a sparkling altar of Nemelex Xobeh.
    45 | D        | Found an iron altar of Okawaru.
    46 | D        | Found a stormy altar of Qazlal.
    47 | D        | Found a sacrificial altar of Ru.
    48 | D        | Found a deep blue altar of Sif Muna.
    49 | D        | Found a bloodstained altar of Trog.
    50 | D        | Found a hide-covered altar of Uskayaw.
    51 | D        | Found a radiant altar of Vehumet.
    53 | D        | Found a shimmering altar of Xom.
    54 | D        | Found a basalt altar of Yredelemnul.
    55 | D        | Found a glowing silver altar of Zin.
    56 | D        | Found a glowing golden altar of the Shining One.
   124 | D        | Noticed a crimson imp
   124 | D        | Noticed a centaur
   125 | D        | Killed a centaur
   125 | D        | Reached skill level 4 in Axes
   125 | D        | Reached XP level 3. HP: 37/37 MP: 2/2
   125 | D        | Reached XP level 4. HP: 44/44 MP: 3/3
   139 | D        | Reached skill level 5 in Axes
   156 | D        | Reached XP level 5. HP: 44/51 MP: 4/4
   200 | D        | Noticed a yak
   200 | D        | Noticed a komodo dragon
   200 | D        | Noticed a yak
   200 | D        | Noticed an orc warrior
   200 | D        | Noticed a troll
   206 | D        | Killed a troll
   206 | D        | Reached skill level 8 in Axes
   206 | D        | Reached skill level 1 in Dodging
   206 | D        | Reached XP level 6. HP: 32/62 MP: 5/5
   215 | D        | Killed an orc warrior
   273 | D        | Killed a yak
   273 | D        | Reached skill level 9 in Axes
   273 | D        | Reached skill level 10 in Armour
   273 | D        | Reached skill level 10 in Shields
   273 | D        | Reached XP level 7. HP: 70/70 MP: 6/6
   279 | D        | Killed a komodo dragon
   279 | D        | Reached skill level 10 in Fighting
   279 | D        | Reached skill level 10 in Axes
   283 | D        | Killed a yak
   283 | D        | Reached XP level 8. HP: 59/79 MP: 7/7
   566 | D        | Noticed a hippogriff
   570 | D        | Reached skill level 11 in Axes
   579 | D        | Killed a hippogriff
   579 | D        | Reached skill level 12 in Axes
   604 | D        | Reached skill level 13 in Axes
   606 | D        | Reached XP level 9. HP: 41/89 MP: 8/8
   821 | D        | Noticed a spiny frog
   822 | D        | Noticed a komodo dragon
   830 | D        | Noticed a five-headed hydra
   842 | D        | Killed a spiny frog
   842 | D        | Reached skill level 14 in Axes
   970 | D        | Killed a komodo dragon
   977 | D        | Killed a one-headed hydra
   977 | D        | Reached skill level 15 in Axes
   981 | D        | Reached skill level 1 in Stealth
  1115 | D        | Noticed an elephant
  1115 | D        | Noticed an elephant
  1115 | D        | Noticed a dire elephant
  1115 | D        | Noticed a dire elephant
  1115 | D        | Noticed an elephant
  1115 | D        | Noticed an elephant
  1129 | D        | Killed a dire elephant
  1129 | D        | Reached skill level 16 in Axes
  1129 | D        | Reached XP level 10. HP: 60/101 MP: 9/9
  1306 | D        | Killed a dire elephant
  1313 | D        | Killed an elephant
  1322 | D        | Killed an elephant
  1388 | D        | Killed an elephant
  1405 | D        | Noticed an elephant
  1411 | D        | Killed an elephant
  1411 | D        | Reached skill level 17 in Axes
  1423 | D        | Killed an elephant
  1426 | D        | Noticed an elephant
  1435 | D        | Killed an elephant
  1624 | D        | Noticed Grum
  1627 | D        | Noticed Harold
  1630 | D        | Killed Grum
  1634 | D        | Reached XP level 11. HP: 106/111 MP: 10/10
  1640 | D        | Reached skill level 15 in Fighting
  1680 | D        | Killed Harold
  1680 | D        | Reached skill level 15 in Armour
  1680 | D        | Reached skill level 15 in Shields
  2365 | D        | Noticed an orc sorcerer
  2369 | D        | Noticed an orc knight
  2370 | D        | Killed an orc sorcerer
  2412 | D        | Killed an orc knight
  2412 | D        | Reached skill level 18 in Axes
  2468 | D        | Found Sisub's Book Boutique.
  2468 | D        | Noticed an orc sorcerer
  2468 | D        | Noticed an orc sorcerer
  2468 | D        | Noticed an orc sorcerer
  2470 | D        | Noticed an orc knight
  2476 | D        | Killed an orc sorcerer
  2480 | D        | Killed an orc sorcerer
  2484 | D        | Noticed an orc sorcerer
  2487 | D        | Killed an orc sorcerer
  2489 | D        | Found Kotruone's Antique Weapon Shop.
  2492 | D        | Noticed a sixfirhy
  2499 | D        | Killed an orc knight
  2513 | D        | Killed an orc sorcerer
  2514 | D        | Found Faprer's General Store.
  2518 | D        | Found Xutiti's Antique Armour Shop.
  2521 | D        | Noticed an orc knight
  2522 | D        | Noticed an orc knight
  2523 | D        | Noticed an orc high priest
  2525 | D        | Noticed an orc knight
  2666 | D        | Killed an orc knight
  2680 | D        | Killed an orc knight
  2680 | D        | Reached skill level 19 in Axes
  3098 | D        | Noticed a soul eater
  3106 | D        | Killed an orc high priest
  3110 | D        | Killed an orc knight
  3176 | D        | Bought a scroll of fear for 38 gold pieces
  3176 | D        | Bought a scroll of fog for 22 gold pieces
  3178 | D        | Bought a glowing plate armour for 598 gold pieces
  3178 | D        | Bought a pair of glowing gloves for 172 gold pieces
  3214 | D        | Bought a book of Minor Magic for 260 gold pieces
  3485 | D        | Noticed a two-headed ogre
  3485 | D        | Noticed an ogre mage
  3488 | D        | Noticed a cyan very ugly thing
  3492 | D        | Killed an unseen horror
  3493 | D        | Noticed a great orb of eyes
  3495 | D        | Killed an ogre mage
  3495 | D        | Reached XP level 12. HP: 125/125 MP: 11/11
  3499 | D        | Killed a two-headed ogre
  3501 | D        | Noticed a stone giant
  3514 | D        | Killed a cyan very ugly thing
  3521 | D        | Killed a great orb of eyes
  3521 | D        | Reached skill level 20 in Axes
  3534 | D        | Killed a stone giant
  3541 | D        | Noticed a centaur warrior
  3542 | D        | Noticed an ettin
  3544 | D        | Noticed an ogre mage
  3550 | D        | Killed a centaur warrior
  3570 | D        | Killed an ettin
  3581 | D        | Killed an ogre mage
  3825 | D        | Noticed Aizul
  3839 | D        | HP: 2/128 [Aizul/poison arrow (25)]
  3841 | D        | Killed from afar by Aizul

Skill      XL: |  1  2  3  4  5  6  7  8  9 10 11 12 |
---------------+-------------------------------------+-----
Fighting       | 4 6 8 9 10 11 13 14 17 18 | 18.5
Shields        | 4 6 7 9 10 11 12 13 14 17 18 | 18.4
Armour         | 4 6 7 9 10 11 13 14 16 | 16.7
Axes           | 4 5 8 9 10 13 16 17 19 20 | 20.5
Dodging        | 1 2 3 4 |  4.9
Stealth        | 1 |  1.8

Action                   |  1- 3 |  4- 6 |  7- 9 | 10-12 || total
-------------------------+-------+-------+-------+-------++-------
Melee: War axe           |    22 |    34 |   104 |   351 ||   511
       Headbutt          |     5 |     7 |    22 |    92 ||   126
  Use: Potion            |       |     1 |       |     8 ||     9
  Eat: Chunk             |       |       |       |     5 ||     5
       Bread ration      |       |       |       |     1 ||     1
Armor: Scale mail        |     8 |       |       |       ||     8
       Plate armour      |       |    23 |    34 |    63 ||   120
       Chain mail        |       |       |       |    14 ||    14
Dodge: Dodged            |     4 |     5 |    21 |    29 ||    59
Block: Shield            |     3 |    24 |    34 |   134 ||   195
